 Dungeon Crawl Stone Soup version 0.22-a0-293-gc9362ec (webtiles) character file.

49 Amnesiac the Magician (level 3, -1/20 HPs)
             Began as a Deep Elf Wizard on Mar 24, 2018.
             Slain by an ice beast (9 damage)
             ... on level 3 of the Dungeon.
             The game lasted 00:01:53 (1282 turns).

Amnesiac the Magician (Deep Elf Wizard)             Turns: 1282, Time: 00:01:54

Health: -1/20      AC:  2    Str:  4    XL:     3   Next: 51%
Magic:  3/11       EV: 13    Int: 23    God:
Gold:   62         SH:  0    Dex: 13    Spells: 0/11 levels left

rFire    . . .     SeeInvis .   c - -3 dagger (curse)
rCold    . . .     Gourm    .   (no shield)
rNeg     . . .     Faith    .   a - +0 robe
rPois    .         Spirit   .   b - +0 hat
rElec    .         Reflect  .   (no cloak)
rCorr    .         Harm     .   (no gloves)
MR       .....                  (no boots)
Stlth    ++........             m - amulet of regeneration
HPRegen  0.46/turn              (no ring)
MPRegen  0.12/turn              (no ring)

@: very slightly contaminated
A: no striking features
a: no special abilities


You were on level 3 of the Dungeon.
You were not hungry.

You visited 1 branch of the dungeon, and saw 3 of its levels.

You collected 62 gold pieces.

Inventory:

Hand Weapons
 c - a cursed -3 dagger (weapon)
Missiles
 e - 4 curare-tipped needles
 i - 8 poisoned needles
 p - 6 needles of sleeping
Armour
 a - a +0 robe (worn)
 b - a +0 hat (worn)
Jewellery
 m - an amulet of regeneration (around neck)
Scrolls
 f - 2 scrolls of identify {!r, unknown}
 g - a scroll of noise {!r, unknown}
 h - a scroll of magic mapping {!r, unknown}
 j - a scroll of blinking {!r, unknown}
 k - a scroll of remove curse {!r, unknown}
Potions
 l - 2 potions of heal wounds {!q, unknown}
 n - a potion of curing {!q, unknown}
Comestibles
 d - 2 rations
 o - a chunk of flesh


   Skills:
 + Level 1.2 Fighting
 - Level 2.4 Dodging
 - Level 2.4 Stealth
 - Level 4.5 Spellcasting
 * Level 3.1 Conjurations
 - Level 1.1 Summonings
 - Level 1.1 Translocations


You couldn't memorise any spells.
You knew the following spells:

 Your Spells              Type           Power        Failure   Level  Hunger
a - Magic Dart            Conj           ###.         2%          1    None
b - Call Imp              Summ           ##......     10%         2    None
e - Mephitic Cloud        Conj/Pois/Air  ##......     19%         3    ##.....
s - Conjure Flame         Conj/Fire      ##......     16%         3    ##.....
v - Blink                 Tloc           N/A          10%         2    None


Dungeon Overview and Level Annotations

Branches:
Dungeon (3/15)

Altars:
Fedhas


Message History

You can't see any susceptible monsters within range! (Use Z to cast anyway.)
p - 6 needles of sleeping An ice beast comes into view.
Found a stone staircase leading up.
Casting: Magic Dart (safe; 2% risk of failure)
Confirm with . or Enter, or press ? or * to list all spells.
Aiming: Magic Dart (safe; 2% risk of failure)
Press: ? - help, Shift-Dir - straight line, f - ice beast
Aim: an ice beast You miscast Magic Dart.
You are very lightly contaminated with residual magic.
Nothing appears to happen.
Casting: Magic Dart (safe; 2% risk of failure)
Confirm with . or Enter, or press ? or * to list all spells.
Aiming: Magic Dart (safe; 2% risk of failure)
Press: ? - help, Shift-Dir - straight line, f/p - ice beast
Aim: an ice beast The magic dart hits the ice beast.
The ice beast is lightly wounded.
Casting: Magic Dart (safe; 2% risk of failure)
Confirm with . or Enter, or press ? or * to list all spells.
Aiming: Magic Dart (safe; 2% risk of failure)
Press: ? - help, Shift-Dir - straight line, f/p - ice beast
Aim: an ice beast (lightly wounded)
The magic dart hits the ice beast.
The ice beast is lightly wounded.
Casting: Magic Dart (safe; 2% risk of failure)
Confirm with . or Enter, or press ? or * to list all spells.
A shadowy apparition takes form in the air.
You swap places.
The ice beast hits your shadow imp. The ice beast freezes your shadow imp.
Your shadow imp resists.
Your shadow imp gestures at the ice beast.
The ice beast struggles to resist.
The ice beast hits your shadow imp. The ice beast freezes your shadow imp.
Your shadow imp resists.
Found 16 stones.
Casting: Call Imp (safe; 10% risk of failure)
Confirm with . or Enter, or press ? or * to list all spells.
Aiming: Magic Dart (safe; 2% risk of failure)
Press: ? - help, Shift-Dir - straight line, f/p - ice beast
Aim: an ice beast (lightly wounded)
The magic dart hits the ice beast.
The ice beast is moderately wounded.
The ice beast closely misses you.
Casting: Magic Dart (safe; 2% risk of failure)
Confirm with . or Enter, or press ? or * to list all spells.
Aiming: Magic Dart (safe; 2% risk of failure)
Press: ? - help, Shift-Dir - straight line, f/p - ice beast
Aim: an ice beast (moderately wounded)
The magic dart hits the ice beast.
The ice beast is moderately wounded.
The ice beast hits you. The ice beast freezes you!
Casting: Magic Dart (safe; 2% risk of failure)
Confirm with . or Enter, or press ? or * to list all spells.
Aiming: Magic Dart (safe; 2% risk of failure)
Press: ? - help, Shift-Dir - straight line, f/p - ice beast
Aim: an ice beast (moderately wounded)
The magic dart hits the ice beast.
The ice beast is heavily wounded.
The ice beast hits you.
* * * LOW HITPOINT WARNING * * *
The ice beast freezes you!
You die...

. ..# .#....
....# <....#
#...# #....#
#...# #.#..#
##...# #.#..#
....# #Y#..#.#
#..# #5@....# #
##..####.#(....#
#
#.......####..##
# #.......# ..#
########.#######
.♣ ##.......# ♣
.#.#####.## .#.#
#..###### ...#
#.......#


You could see an ice beast and a friendly shadow imp.

Vanquished Creatures
  A gnoll (D:1)
  2 dart slugs (D:1)
  An orc (D:3)
  10 bats
  2 giant cockroaches
  2 goblins
  2 hobgoblins (D:1)
  4 jackals
  2 kobolds (D:1)
  A frilled lizard (D:1)
  4 rats
31 creatures vanquished.

Notes
Turn   | Place    | Note
-------+----------+-------------------------------------------
     0 | D:1      | Amnesiac the Deep Elf Wizard began the quest for the Orb.
     0 | D:1      | Reached XP level 1. HP: 10/10 MP: 7/7
   156 | D:1      | Reached XP level 2. HP: 16/16 MP: 0/9
   160 | D:1      | Learned a level 2 spell: Blink
   163 | D:1      | Learned a level 2 spell: Call Imp
   518 | D:1      | Reached skill level 1 in Fighting
   522 | D:1      | Reached XP level 3. HP: 3/20 MP: 2/11
   527 | D:1      | Learned a level 3 spell: Conjure Flame
   531 | D:1      | Learned a level 3 spell: Mephitic Cloud
  1001 | D:2      | Found a blossoming altar of Fedhas.
  1272 | D:3      | Noticed an ice beast
  1282 | D:3      | Slain by an ice beast

Vault maps used:
D:1:      dpeg_arrival_central
D:2:      makhleb_altar_promises_db, lemuel_coloured_pillars_altar,
          chequers_ecumenical_altar_island, first_ration, uniq_natasha
D:3:      uniq_robin, uniq_jessica, uniq_crazy_yiuf_cottage

Skill      XL: |  1  2  3 |
---------------+----------+-----
Conjurations   | 2 3 |  3.1
Fighting       | 1 |  1.2
Dodging        | |  2.4
Stealth        | |  2.4
Spellcasting   | |  4.5
Summonings     | |  1.1
Translocations | |  1.1

Action                   || total
-------------------------++-------
Melee: Unarmed           ||     2
       Dagger            ||     9
 Cast: Magic Dart        ||    78
       Call Imp          ||     1
  Eat: Chunk             ||     1
Armor: Robe              ||     7
Dodge: Dodged            ||    27

Table legend:
 A = Spawn XP
 B = Non-spawn XP
 C = Spawn XP percentage of total XP
 D = Spawn monster count
 E = Non-spawn monster count
 F = Spawn count percentage of total count
 G = Total turns spent on level
                    A         B        C        D         E        F      G
               +---------+---------+-------+---------+---------+-------+---------
         Total |       0 |      70 |   0.0 |       0 |      31 |   0.0 |  1282
               +---------+---------+-------+---------+---------+-------+---------
           D:1 |       0 |      52 |   0.0 |       0 |      21 |   0.0 |   948
           D:2 |       0 |      10 |   0.0 |       0 |       6 |   0.0 |   155
           D:3 |       0 |       8 |   0.0 |       0 |       4 |   0.0 |   179
               +---------+---------+-------+---------+---------+-------+---------
